 Dungeon Crawl Stone Soup version 0.30-a0-121-gb27577e5d9 (webtiles) character file.

Game seed: 9799353189962533759

140 ytrimaz the Changer (level 5, 0/49 HPs)
             Began as an Octopode Transmuter on Sept 14, 2022.
             Slain by a goblin
             ... wielding a +0 club
             ... led by Robin
              (6 damage)
             ... on level 3 of the Dungeon.
             The game lasted 00:04:47 (3530 turns).

ytrimaz the Changer (Octopode Transmuter)           Turns: 3530, Time: 00:04:48

Health: 0/49       AC:  1    Str: 10    XL:     5   Next: 22%
Magic:  8/9        EV: 13    Int: 17    God:
Gold:   143        SH:  0    Dex: 12    Spells: 5/11 levels left

rFire   . . .      SeeInvis .      - Unarmed
rCold   . . .      Faith    .    (no shield)
rNeg    . . .      Spirit   .    (helmet currently unavailable)
rPois   .          Reflect  .    (no amulet)
rElec   .          Harm     .    (no ring)
rCorr   .          Rampage  .    (no ring)
Will    .....      Rage     3%   (no ring)
Stlth   ..........               (no ring)
HPRegen 0.16/turn                (no ring)
MPRegen 0.11/turn                (no ring)
                                 (no ring)
                                 (no ring)

@: berserking, appendages (expiring), wereblooded, very quick
A: tentacle spike 3, almost no armour, amphibious, 8 rings, camouflage 1,
gelatinous body 1, (nimble swimmer 1), tentacles, berserk 1, low MP 1
a: End Transformation


You were on level 3 of the Dungeon.
One of your tentacles had grown a beastly spike.
You visited 1 branch of the dungeon, and saw 3 of its levels.

You collected 143 gold pieces.


Innate Abilities, Weirdness & Mutations

One of your tentacles has grown a beastly spike.
You cannot wear most types of armour.
You are amphibious.
You can wear up to eight rings at the same time.
Your skin changes colour to match your surroundings (Stealth+).
Your rubbery body absorbs attacks. (AC +1, EV +1)
((You are camouflaged when in or above water. (Stealth+)))
You have tentacles for arms and can constrict up to eight enemies at once.
You sometimes lose your temper in combat.
Your magical capacity is low. (-10% MP)


   Skills:
 - Level 1.0 Fighting
 - Level 2.0 Dodging
 - Level 3.0 Unarmed Combat
 + Level 3.5 Spellcasting
 + Level 3.7 Transmutations
 * Level 1.6 Poison Magic


You had 5 spell levels left.
You knew the following spells:

 Your Spells              Type           Power      Damage    Failure   Level
a - Beastly Appendage     Tmut           30%        N/A       3%          1
b - Wereblood             Tmut           15%        N/A       5%          2
c - Spider Form           Tmut/Pois      12%        N/A       16%         3

Your spell library contained the following spells:

 Spells                   Type           Power      Damage    Failure   Level
 Stone Arrow              Conj/Erth      4%         3d7       45%         3
 Ice Form                 Ice/Tmut       9%         N/A       58%         4
 Lehudib's Crystal Spear  Conj/Erth      1%         10d2      100%        8
 Animate Armour           Summ/Erth      Unusable   N/A       N/A         4

Inventory:

Scrolls
 c - a scroll of fear
 f - a scroll of teleportation
Potions
 a - a potion of berserk rage
 d - a potion of haste {unknown}
 e - a potion of attraction {unknown}
 g - a potion of heal wounds {unknown}
 h - a potion of curing {unknown}

Dungeon Overview and Level Annotations

Branches:
Dungeon (3/15) Zot: 14477

Altars:

Annotations:
D:3 1 runed translucent door, Robin; snackwell's ghost, amateur SpEn

>........#~)~# ..#
#........#~~~#...###
.>#..†..##~~~##....
###....###~BW##..#
#.#.#.###rrr##..#
#.##.#).###+##...#
.............)g#.#
#.####......#g)#g#
#..###.#gg#@#
.....###.#..#g#
...........g..g#
.....#.###.#..###
.......# #.#..#
.....>. ......
##....# ######


You could see Robin and 2 goblins.


Message History

2 goblins come into view.
The goblin shouts! x2
A goblin comes into view. It is wielding a +0 dagger.
There are monsters nearby!
Unknown command.
There are monsters nearby!
Robin and 3 hobgoblins come into view.
The hobgoblin shouts! x2
Robin throws the goblin at you! The goblin barely misses you. 😕 HP[-1]
You take 1 damage, and now have 32/33 hp.
The goblin shouts!
You tentacle-slap the goblin.
You kill the goblin!
The goblin hits you with a +0 club. 😕 HP[-3]
You take 3 damage, and now have 29/33 hp.
You see here a +0 club.
Unknown command.
Casting: Beastly Appendage (safe; 3% risk of failure)
Confirm with . or Enter, or press ? or * to list all spells.
Your blood is infused with primal strength.
Robin throws the goblin at you! The goblin hits you with a +0 club.
The goblin barely misses you.
Unknown command. 😮 HP[-6] MP[-2]
You take 6 damage, and now have 23/33 hp.
You lost 2 mp, and now have 7/9 mp.
You completely miss the goblin. You grab the goblin.
You pierce the goblin, but do no damage.
You constrict the goblin.
The goblin struggles to escape constriction.
The goblin misses you.
You are too injured to fight recklessly!
Unknown command.
You tentacle-slap the goblin.
You feel a bit better.
You kill the goblin!
You howl as the wereblood boils in your veins!
The goblin closely misses you. The goblin hits you with a +0 dagger.
The goblin barely misses you. 😕 HP[+2]
You regained 2 hp, and now have 25/33 hp.
You tentacle-slap the goblin but do no damage.
Your grab misses the goblin.
Your tentacle spike misses the goblin.
You squeeze the goblin.
You feel a bit better.
You kill the goblin!
The goblin hits you with a +0 dagger. The goblin hits you with a +0 club.
The goblin hits you with a +0 dagger. 😮 HP[-6]
You take 6 damage, and now have 19/33 hp.
Unknown command.
You are too injured to fight recklessly!
You are too injured to fight recklessly!
Unknown command.
You howl as the wereblood boils in your veins!
Robin throws the goblin at you! The goblin completely misses you.
The goblin misses you. The goblin hits you with a +0 dagger.
* * * LOW HITPOINT WARNING * * *
😨 HP[-4]
You take 4 damage, and now have 15/33 hp.
You howl as the wereblood boils in your veins!
Robin roars a battlecry!
The goblins go into a battle-frenzy!
The goblin hits you with a +0 dagger.
* * * LOW HITPOINT WARNING * * *
The goblin closely misses you. 😨 HP[-4]
You take 4 damage, and now have 11/33 hp.
Your transformation is almost over.
You howl as the wereblood boils in your veins!
The hobgoblin closely misses you. 😨 HP[+1]
You closely miss the hobgoblin. You grab the hobgoblin.
You pierce the hobgoblin.
You feel a bit better.
You kill the hobgoblin!
Robin says, "My goblins will feast on your bones." 😨 HP[+1] MP[+1]
The goblin attacks as you move away! The goblin hits you with a +0 dagger.
* * * LOW HITPOINT WARNING * * *
Robin flexes a bicep menacingly.
Unknown command. 😨 HP[-3]
You take 3 damage, and now have 10/33 hp.
You tentacle-slap the goblin. You grab the goblin.
You pierce the goblin.
You feel a bit better.
You kill the goblin!
Robin barely misses you. 😨 HP[+1] Unknown command.
You tentacle-slap Robin. You grab Robin.
You pierce Robin!
You constrict Robin. Robin hits you with a +0 whip!
* * * LOW HITPOINT WARNING * * *
The goblin barely misses you. 😱 HP[-7]
You take 7 damage, and now have 4/33 hp.
MASSIVE DAMAGE!! (PAUSE)
A red film seems to cover your vision as you go berserk!
You feel yourself moving faster!
You feel mighty!
You constrict Robin. Robin closely misses you.
The goblin hits you with a +0 club.
You die...

Skill      XL: |  1  2  3  4 |
---------------+-------------+-----
Spellcasting   | 3 |  3.5
Transmutations | 3 |  3.7
Poison Magic   | 1 |  1.6
Fighting       | |  1.0
Dodging        | |  2.0
Unarmed Combat | |  3.0

Action                   |  1- 3 |  4- 6 || total
-------------------------+-------+-------++-------
Melee: Unarmed           |    66 |    84 ||   150
       Constrict         |    13 |    26 ||    39
       Kick              |    10 |    16 ||    26
       Tentacles         |    12 |    20 ||    32
       Punch             |     1 |       ||     1
 Cast: Beastly Appendage |     9 |    12 ||    21
       Spider Form       |     1 |       ||     1
       Wereblood         |       |     2 ||     2
  Use: Scroll            |     5 |     5 ||    10
       Potion            |     1 |     3 ||     4
 Stab: Sleeping          |     3 |     4 ||     7
       Invisible         |       |     2 ||     2
Armor: Skin              |    13 |     4 ||    17
Dodge: Dodged            |    46 |    78 ||   124

Levels and vault maps discovered:
D:1:      dpeg_cavernosity, layout_basic, chequers_ecumenical_altar_twisty,
          bh_walls_and_bars
D:2:      layout_basic, serial_bayou_lake_a
D:3:      layout_loops_ring, mainiacjoe_overflow_alcove_1,
          ebering_ghost_sewer_f, uniq_terence, uniq_robin

Notes
Turn   | Place    | Note
-------+----------+-------------------------------------------
     0 | D:1      | ytrimaz the Octopode Transmuter began the quest for the
                  | Orb.
     0 | D:1      | Reached XP level 1. HP: 13/13 MP: 3/3
     0 | D:1      | magus.rc [v1.9.6]
   288 | D:1      | Reached XP level 2. HP: 17/18 MP: 5/5
   725 | D:1      | Found a faded altar of an unknown god.
  1230 | D:1      | Learned a level 2 spell: Wereblood
  1356 | D:2      | Reached XP level 3. HP: 23/23 MP: 4/6
  1373 | D:2      | Learned a level 3 spell: Spider Form
  1419 | D:2      | You pick up a book of Armaments and begin reading...
  1419 | D:2      | You add the spells Stone Arrow and Lehudib's Crystal Spear
                  | to your library.
  1437 | D:2      | Reached skill level 3 in Spellcasting
  1437 | D:2      | Reached skill level 3 in Transmutations
  1442 | D:2      | HP: 5/23 [adder (2)]
  1447 | D:2      | Reached XP level 4. HP: 5/28 MP: 5/8
  1778 | D:2      | HP: 5/28 [adder (3)]
  2245 | D:2      | HP: 7/28 [poisoned by an adder]
  2686 | D:2      | Reached skill level 1 in Poison Magic
  2686 | D:2      | Reached XP level 5. HP: 19/33 MP: 10/10
  3446 | D:3      | Gained mutation: You sometimes lose your temper in combat.
                  | [potion of mutation]
  3446 | D:3      | Gained mutation: Your magical capacity is low. (-10% MP)
                  | [potion of mutation]
  3509 | D:3      | Found a runed translucent door.
  3510 | D:3      | Noticed snackwell's ghost (amateur SpEn)
  3515 | D:3      | Noticed Robin
  3529 | D:3      | HP: 4/33 [Robin/+0 whip (7)]
  3530 | D:3      | Slain by a goblin

Vanquished Creatures
  A jelly (D:2)
  5 adders (D:2)
  An orc (D:3)
  6 endoplasms
  2 giant cockroaches
  10 goblins
  6 hobgoblins
  5 jackals
  4 quokkas
  6 ball pythons
  5 bats
  2 frilled lizards
  5 kobolds
  4 rats
62 creatures vanquished.

Vanquished Creatures (others)
  A fungus (D:1)
  5 plants (D:2)
6 creatures vanquished.

Grand Total: 68 creatures vanquished

Table legend:
 A = Non-vault XP
 B = Vault XP
 C = Vault XP percentage of total XP
 D = Non-vault monster count
 E = Vault monster count
 F = Vault count percentage of total count
                 A         B        C        D         E       F
            +---------+---------+-------+---------+---------+-------
      Total |     182 |      18 |   9.0 |      52 |      10 |  16.1
            +---------+---------+-------+---------+---------+-------
        D:1 |      26 |       7 |  21.2 |      17 |       4 |  19.0
        D:2 |     138 |       0 |   0.0 |      25 |       0 |   0.0
        D:3 |      18 |      11 |  37.9 |      10 |       6 |  37.5
            +---------+---------+-------+---------+---------+-------

Illustrated notes

Table legend:
 A = Kills in this place as a percentage of kills in entire the game.
 B = Kills by you in this place as a percentage of kills by you in the entire game.
 C = Kills by friends in this place as a percentage of kills by friends in the entire game.
 D = Other kills in this place as a percentage of other kills in the entire game.
 E = Experience gained in this place as a percentage of experience gained in the entire game.
 F = Experience gained in this place divided by the number of levels of this place that you have seen.
                   A       B       C       D       E      F
               +-------+-------+-------+-------+-------+----------------------
         Total | 100.0 | 100.0 |   N/A |   N/A | 100.0 |  66.7
       Dungeon | 100.0 | 100.0 |   N/A |   N/A | 100.0 |  66.7
               +-------+-------+-------+-------+-------+----------------------

Table legend: (Time is in decaauts)
 A = Elapsed time spent in this place.
 B = Non-inter-level travel time spent in this place.
 C = Inter-level travel time spent in this place.
 D = Time resting spent in this place.
 E = Time spent auto-exploring this place.
 F = Levels seen in this place.
 G = Mean time per level.
                   A        B        C        D        E       F      G
               +--------+--------+--------+--------+--------+-----+--------+
         Total |   3521 |   3427 |     94 |    356 |   2625 |   3 | 1173.7 |
       Dungeon |   3521 |   3427 |     94 |    356 |   2625 |   3 | 1173.7 |
               +--------+--------+--------+--------+--------+-----+--------+

Top non-repeatable levels by time:
     D:2: 1887 daAuts
     D:1: 1331 daAuts
     D:3: 302 daAuts
